 Dungeon Crawl Stone Soup version 0.14-a0-942-gbd853f2 (webtiles) character file.

184 Malachi the Chucker (level 5, -13/36 HPs)
             Began as a Formicid Hunter on Nov 19, 2013.
             Killed by divine providence
             ... invoked by an orc priest
              (14 damage)
             ... on Level 3 of the Dungeon.
             The game lasted 00:04:06 (2070 turns).

Malachi the Chucker (Formicid Hunter)               Turns: 2070, Time: 00:04:06

HP -13/36        AC  4     Str 21      XL: 5   Next: 34%
MP   4/4         EV 12     Int 10      God:
Gold 77          SH  0     Dex 11      Spells:  0 memorised,  4 levels left

Res.Fire  : . . .   See Invis. : +   a - +1,+0 short sword
Res.Cold  : . . .   Warding    : .   d - +0 leather armour
Life Prot.: . . .   Conserve   : .   (no shield)
Res.Poison: .       Res.Corr.  : .   (helmet unavailable)
Res.Elec. : .       Clarity    : .   (no cloak)
Sust.Abil.: . .     Spirit.Shd : .   (no gloves)
Res.Mut.  : .       Stasis     : +   (no boots)
Res.Rott. : .       Flight     : .   (no amulet)
Saprovore : . . .                    l - cursed +3 ring of strength
                                     j - ring of poison resistance

@: slightly resistant to hostile enchantments, unstealthy
A: permanent stasis, dig shafts and tunnels, four strong arms, poison weakness,
antennae 3, exoskeleton 1
a: Dig, Shaft Self


You were on level 3 of the Dungeon.
You were hungry.

You visited 1 branch of the dungeon, and saw 3 of its levels.

You collected 77 gold pieces.

Inventory:

Hand weapons
 a - a +1,+0 short sword (weapon)
Armour
 d - a +0 leather armour (worn)
Comestibles
 f - 2 bread rations
 g - 2 meat rations
 h - a pear
 n - a chunk of hobgoblin flesh
 o - an apple
 z - a chunk of goblin flesh
Scrolls
 e - a scroll of remove curse {unknown}
 i - a scroll of random uselessness {unknown}
 m - 3 scrolls of curse jewellery
 p - a scroll of curse armour {unknown}
 r - a scroll of fog
 t - a scroll of curse weapon {unknown}
 v - a scroll of noise {unknown}
 w - 2 scrolls of enchant weapon II {unknown}
Jewellery
 j - a ring of poison resistance (left hand)
 l - a cursed +3 ring of strength (right hand)
 x - a +2 ring of protection
Potions
 k - a potion of curing {unknown}
 s - a potion of cure mutation {unknown}
 u - 2 potions of agility {unknown}


   Skills:
 + Level 2.2 Fighting
 + Level 1.7 Short Blades
 + Level 3.6 Throwing
 + Level 2.1 Armour
 + Level 2.9 Dodging
 + Level 2.0 Stealth


You had 4 spell levels left.
You didn't know any spells.

Dungeon Overview and Level Annotations

Branches:
Dungeon (3/16)

Altars:


Innate Abilities, Weirdness & Mutations

Your are under a permanent stasis effect.
You can dig through walls and to a lower floor.
Your four strong arms can wield any weapon, most with a shield.
You are susceptible to poison.
You have a pair of large antennae on your head (SInv).
Your body is surrounded by an exoskeleton. (HP +5, AC +1)


Message History

You throw a throwing net. The throwing net hits the orc warrior.
The orc warrior is caught in the net!
The orc warrior is heavily wounded.
The orc warrior struggles against the net.
You hit the orc warrior but do no damage.
The orc warrior is heavily wounded.
The orc warrior struggles to escape the net.
You hit the orc warrior.
The orc warrior is heavily wounded.
The orc warrior struggles against the net.
You barely miss the orc warrior.
The orc warrior is heavily wounded.
The orc warrior struggles against the net.
The orc priest calls down the wrath of Beogh upon you.
Something smites you!
* * * LOW HITPOINT WARNING * * *
The orc warrior struggles against the net.
The orc priest invokes the aid of Beogh against you.
Something smites you!
You die...

##### #...# #...# ####
#########...######...#####
........o(...oo.@(........
##################...#####
# # #### . # .. # ..
####... .. ........ ..
###...# #. .. .# .


You could see an orc warrior (caught), an orc priest and an orc.

Vanquished Creatures
  An orc wizard (D:3)
  3 gnolls (D:2)
  A worm (D:2)
  A giant gecko (D:2)
  2 orcs (D:3)
  A ball python (D:2)
  4 giant cockroaches
  5 goblins
  7 hobgoblins
  8 bats
  3 giant newts (D:1)
  5 kobolds
  3 rats
44 creatures vanquished.

Notes
Turn   | Place    | Note
--------------------------------------------------------------
     0 | D:1      | Malachi, the Formicid Hunter, began the quest for the Orb.
     0 | D:1      | Reached XP level 1. HP: 17/17 MP: 0/0
    89 | D:1      | Reached XP level 2. HP: 14/22 MP: 1/1
   521 | D:1      | Reached XP level 3. HP: 26/26 MP: 2/2
  1001 | D:2      | Reached skill level 1 in Armour
  1247 | D:2      | Reached XP level 4. HP: 32/32 MP: 3/3
  2010 | D:3      | Noticed an orc warrior
  2017 | D:3      | Reached XP level 5. HP: 11/36 MP: 4/4
  2069 | D:3      | HP: 1/36 [orc priest/divine providence (12)]
  2070 | D:3      | Killed from afar by an orc priest

Action                   |  1- 3 |  4- 6 || total
-------------------------+-------+-------++-------
Melee: Short sword       |    93 |    39 ||   132
Throw: Large rock        |     8 |    10 ||    18
       Throwing net      |       |     2 ||     2
  Use: Scroll            |     4 |     5 ||     9
 Stab: Sleeping          |     1 |       ||     1
